 Dungeon Crawl Stone Soup version 0.26-a0-540-g8a0c9464d7 (webtiles) character file.

Game seed: 1879724460150230017

352 HoaS the Ruffian (level 6, -2/35 HPs)
             Began as a Gargoyle Gladiator on Aug 21, 2020.
             Killed by nerve-wracking pain
             ... invoked by Grinder
              (6 damage)
             ... on level 4 of the Dungeon.
             The game lasted 00:07:08 (2644 turns).

HoaS the Ruffian (Gargoyle Gladiator)               Turns: 2644, Time: 00:07:08

Health: -2/35      AC: 11    Str: 19    XL:     6   Next: 62%
Magic:  6/6        EV: 11    Int:  9    God:
Gold:   249        SH:  0    Dex: 11    Spells: 5/5 levels left

rFire    . . .     SeeInvis .     - Unarmed
rCold    . . .     Faith    .   (no shield)
rNeg     + . .     Spirit   .   g - +0 ring mail
rPois    ∞         Reflect  .   b - +1 helmet
rElec    +         Harm     .   (no cloak)
rCorr    .                      (no gloves)
MR       .....                  (no boots)
Stlth    ++........             (no amulet)
HPRegen  0.11/turn              h - ring of stealth
MPRegen  0.10/turn              (no ring)

@: no status effects
A: negative energy resistance 1, electricity resistance, unbreathing,
petrification resistance, rot immunity, AC +4
a: no special abilities


You were on level 4 of the Dungeon.
You visited 1 branch of the dungeon, and saw 4 of its levels.

You collected 249 gold pieces.

Inventory:

Missiles
 c - 2 throwing nets (quivered)
Armour
 b - a +1 helmet (worn)
 g - a +0 ring mail (worn)
 j - the +5 ring mail of the Wheelwright {rCorr, unknown}
   (You found it on level 4 of the Dungeon)

   It provides partial protection from all sources of acid and corrosion.
Jewellery
 h - a ring of stealth (left hand)
Scrolls
 f - 2 scrolls of magic mapping
Potions
 a - 3 potions of mutation
 e - a potion of heal wounds {unknown}
 i - 2 potions of stabbing {unknown}


   Skills:
 - Level 2.1 Fighting
 - Level 1.7 Throwing
 - Level 2.4 Dodging
 + Level 7.2 Unarmed Combat


You had 5 spell levels left.
You didn't know any spells.
Your spell library was empty.

Dungeon Overview and Level Annotations

Branches:
Dungeon (4/15)
 Temple: D:4-7

Altars:
Hepliaklqana
Qazlal

Shops:
D:4 *

Annotations:
D:4 Grinder


Innate Abilities, Weirdness & Mutations

You are resistant to torment.
Your stone body is resilient. (AC +4)
You are immune to poison.
You resist negative energy. (rN+)
You are resistant to electric shocks. (rElec)
You can survive without breathing.
You are immune to petrification.
You are immune to rotting.


Message History

You punch the centaur skeleton!
The centaur skeleton is heavily damaged.
The centaur skeleton hits you but does no damage.
You punch the centaur skeleton!
The centaur skeleton is almost destroyed.
The centaur skeleton misses you. The centaur skeleton hits you.
* * * LOW HITPOINT WARNING * * *
Grinder gestures at you. Pain shoots through your body!
* * * LOW HITPOINT WARNING * * *
The centaur skeleton barely misses you. The centaur skeleton misses you.
You punch Grinder!
Grinder is moderately wounded.
The centaur skeleton closely misses you.
Grinder blinks!
The centaur skeleton hits you but does no damage.
Grinder gestures at you. Pain shoots through your body!
You die...

....####.# ... ....# #.#
.... ....#
##'###########.... #.###
#................. #..#
#..........5..(... ##.##
#..............# #..#
#..............# ##.#
#..............# #.#
#.........@Z...#
###'###..............#
......#..............#
......#..............#
.............#######....
####+#.#........ ....
#.#.#........ ...
#.#.#........ ..
##...#........


You could see Grinder and a centaur skeleton.

Vanquished Creatures
  An ogre (D:4)
  A hound (D:4)
  An orc wizard (D:4)
  A worker ant (D:4)
  7 adders
  3 gnolls (D:3)
  An ooze (D:2)
  2 worms
  A dart slug (D:4)
  4 leopard geckos
  11 orcs
  A ball python (D:4)
  9 bats
  6 giant cockroaches
  6 goblins
  11 hobgoblins
  2 jackals (D:3)
  A quokka (D:2)
  8 frilled lizards
  2 kobolds (D:3)
  4 rats
83 creatures vanquished.

Notes
Turn   | Place    | Note
-------+----------+-------------------------------------------
     0 | D:1      | HoaS the Gargoyle Gladiator began the quest for the Orb.
     0 | D:1      | Reached XP level 1. HP: 12/12 MP: 1/1
   247 | D:1      | Reached XP level 2. HP: 15/17 MP: 2/2
   683 | D:1      | Reached skill level 4 in Unarmed Combat
   725 | D:1      | Reached XP level 3. HP: 21/21 MP: 3/3
  1150 | D:2      | Reached XP level 4. HP: 19/26 MP: 4/4
  1504 | D:2      | Reached skill level 5 in Unarmed Combat
  1572 | D:2      | Found a stormy altar of Qazlal.
  1862 | D:3      | Found a hazy altar of Hepliaklqana.
  1875 | D:3      | Reached XP level 5. HP: 26/30 MP: 5/5
  1951 | D:3      | Reached skill level 6 in Unarmed Combat
  2145 | D:4      | Found Zuurghy's General Store.
  2216 | D:4      | Noticed an ogre
  2230 | D:4      | Killed an ogre
  2230 | D:4      | Reached XP level 6. HP: 35/35 MP: 6/6
  2387 | D:4      | Got a faintly glowing ring mail
  2445 | D:4      | Reached skill level 7 in Unarmed Combat
  2610 | D:4      | Noticed Grinder
  2613 | D:4      | Paralysed by Grinder for 3 turns
  2629 | D:4      | Paralysed by Grinder for 7 turns
  2644 | D:4      | Killed from afar by Grinder

Illustrated notes

Levels and vault maps discovered:
D:1:      dpeg_arrival_water_temple_mockup, layout_loops_corners
D:2:      layout_loops_corners, old_standard_altar
D:3:      layout_basic, lemuel_doored_altar, grunt_ministairs_10
D:4:      layout_basic, nicolae_overflow_crystal_walls, serial_shops, shop,
          hangedman_decor_riveting, uniq_edmund, uniq_grinder

Skill      XL: |  1  2  3  4  5  6 |
---------------+-------------------+-----
Unarmed Combat | 4 5 6 7 |  7.2
Fighting       | |  2.1
Throwing       | |  1.7
Dodging        | |  2.4

Action                   |  1- 3 |  4- 6 || total
-------------------------+-------+-------++-------
Melee: Unarmed           |   134 |   187 ||   321
       Punch             |     1 |     5 ||     6
Throw: Throwing net      |       |     1 ||     1
  Use: Scroll            |     5 |     6 ||    11
Armor: Leather armour    |    42 |       ||    42
       Ring mail         |    27 |   101 ||   128
Dodge: Dodged            |    87 |    84 ||   171

Table legend: (Time is in decaauts)
 A = Elapsed time spent in this place.
 B = Non-inter-level travel time spent in this place.
 C = Inter-level travel time spent in this place.
 D = Time resting spent in this place.
 E = Time spent auto-exploring this place.
 F = Levels seen in this place.
 G = Mean time per level.
                   A        B        C        D        E       F      G
               +--------+--------+--------+--------+--------+-----+--------+
         Total |   2609 |   2552 |     57 |      0 |   1884 |   4 |  652.2 |
       Dungeon |   2609 |   2552 |     57 |      0 |   1884 |   4 |  652.2 |
               +--------+--------+--------+--------+--------+-----+--------+

Top non-repeatable levels by time:
     D:1: 868 daAuts
     D:2: 773 daAuts
     D:4: 486 daAuts
     D:3: 480 daAuts
